 Dungeon Crawl Stone Soup version 0.28.0 (webtiles) character file.

Game seed: 5152088681876458027

352 Dani the Chopper (level 6, 46/55 HPs)
             Began as a Minotaur Fighter on Feb 20, 2022.
             Was a Follower of Kikubaaqudgha.
             Quit the game on level 3 of the Dungeon.
             The game lasted 00:02:14 (1032 turns).

Dani the Chopper (Minotaur Fighter)                 Turns: 1032, Time: 00:02:15

Health: 46/55      AC:  7    Str: 23    XL:     6   Next: 34%
Magic:  5/5        EV: 10    Int:  5    God:    Kikubaaqudgha [*.....]
Gold:   40         SH:  4    Dex:  9    Spells: 5/5 levels left

rFire   . . .      SeeInvis .   a - +0 war axe
rCold   . . .      Faith    .   c - +0 buckler
rNeg    . . .      Spirit   .   b - +0 scale mail
rPois   .          Reflect  .   (helmet restricted)
rElec   .          Harm     .   (no cloak)
rCorr   .          Rampage  .   (no gloves)
Will    .....                   (no boots)
Stlth   ..........              (no amulet)
HPRegen 0.18/turn               (no ring)
MPRegen 0.09/turn               (no ring)

@: no status effects
A: horns 2, retaliatory headbutt
a: Renounce Religion, Receive Corpses


You were on level 3 of the Dungeon.
You worshipped Kikubaaqudgha.
Kikubaaqudgha was aware of your devotion.
You visited 1 branch of the dungeon, and saw 4 of its levels.

You collected 40 gold pieces.

Inventory:

Hand Weapons
 a - a +0 war axe (weapon)
Armour
 b - a +0 scale mail (worn)
 c - a +0 buckler (worn)
Wands
 g - a wand of charming (3)
   (You took it off a kobold brigand on level 3 of the Dungeon)
 D - a wand of digging (5)
   (You took it off Grinder on level 4 of the Dungeon)
Scrolls
 e - 2 scrolls of summoning
 f - a scroll of immolation


   Skills:
 + Level 4.8 Fighting
 * Level 5.1 Axes
 + Level 4.8 Armour
 + Level 2.7 Dodging
 + Level 4.7 Shields


You had 5 spell levels left.
You didn't know any spells.
Your spell library contained the following spells:

 Spells                   Type           Power      Damage    Failure   Level
 Animate Skeleton         Necr           0%         N/A       86%         1
 Pain                     Necr           0%         1d4       86%         1
 Slow                     Hex            0%         N/A       86%         1
 Sublimation of Blood     Necr           0%         N/A       94%         2
 Confusing Touch          Hex            0%         N/A       99%         3
 Vampiric Draining        Necr           0%         2d6       99%         3
 Agony                    Necr           0%         N/A       100%        5


Dungeon Overview and Level Annotations

Branches:
Dungeon (4/15)
 Temple: D:4-7

Altars:
Hepliaklqana
Kikubaaqudgha

Annotations:
D:4 Sigmund


Innate Abilities, Weirdness & Mutations

You have a pair of horns on your head.
You reflexively headbutt those who attack you in melee.


Message History

You hit the giant cockroach.
The giant cockroach is heavily wounded.
The giant cockroach bites you but does no damage. x2
You slash the giant cockroach!
You kill the giant cockroach!
No target in view!
No target in view!
Found a book of Debilitation.
A kobold brigand comes into view.
It is wielding a +0 dagger and carrying a wand of charming (8).
The kobold brigand shouts!
The kobold brigand zaps a wand.
You resist with some effort.
Found a faded altar of an unknown god.
You see here a book of Debilitation.
The kobold brigand zaps a wand.
Your will is overpowered!
You are confused.
You are too confused!
You are too confused!
Unknown command.
You are too confused!
Found a hazy altar of Hepliaklqana.
Unknown command.
You are too confused!
You are too confused!
Unknown command.
You are too confused!
You are too confused!
Unknown command.
You are too confused!
You are too confused!
Unknown command.
You bump into the stone wall.
The kobold brigand hits you with a +0 dagger.
Unknown command.
You are too confused!
Unknown command.
You are too confused!
The kobold brigand zaps a wand.
You resist with some effort.
You are too confused!
You feel less confused. You block the kobold brigand's attack.
You hit the kobold brigand.
Your headbutt misses the kobold brigand.
The kobold brigand is lightly wounded.
The kobold brigand zaps a wand.
You resist with some effort.
The kobold brigand hits you but does no damage.
You hit the kobold brigand.
Your headbutt misses the kobold brigand.
The kobold brigand is moderately wounded.
The kobold brigand barely misses you.
You barely miss the kobold brigand.
The kobold brigand is moderately wounded.
You block the kobold brigand's attack.
The kobold brigand hits you but does no damage.
You closely miss the kobold brigand.
Your headbutt misses the kobold brigand.
The kobold brigand is moderately wounded.
The kobold brigand hits you with a +0 dagger!
You barely miss the kobold brigand. You headbutt the kobold brigand.
The kobold brigand is moderately wounded.
The kobold brigand hits you with a +0 dagger.
You closely miss the kobold brigand.
The kobold brigand is moderately wounded.
The kobold brigand hits you but does no damage.
You hit the kobold brigand but do no damage.
The kobold brigand is moderately wounded.
The kobold brigand hits you with a +0 dagger.
The kobold brigand zaps a wand.
You resist with some effort.
You closely miss the kobold brigand. You headbutt the kobold brigand.
The kobold brigand is moderately wounded.
You block the kobold brigand's attack.
You slash the kobold brigand!
Your headbutt misses the kobold brigand.
The kobold brigand is almost dead.
The kobold brigand closely misses you.
You slash the kobold brigand!
You kill the kobold brigand!
Your Axes skill increases to level 5!
No target in view!
g - a wand of charming (3)
You see here a +0 dagger.
No target in view!
You pick up a book of Debilitation and begin reading...
You add the spells Slow, Vampiric Draining and Confusing Touch to your library.
As you read the scroll labelled YKUESH CYTT, it crumbles to dust.
You hear a loud clanging noise!
It was a scroll of noise.
You hear an angry hiss.
You hear a shout!
As you read the scroll labelled WOL USIRUMI, it crumbles to dust.
Wisps of shadow whirl around you...
It was a scroll of summoning.
There is a faded altar of an unknown god here.
You cannot tell which god this altar belongs to.
Convert to them anyway?
Kikubaaqudgha accepts your prayer! Kikubaaqudgha welcomes you!
You can now receive cadavers from Kikubaaqudgha.
Kikubaaqudgha grants you a gift!
You add the spells Animate Skeleton, Pain, Sublimation of Blood and Agony to your library.
Unknown command.
Press < or > to pray at altars.
Are you sure you want to abandon this character and quit the game? (Confirm with "yes".)

## #.# ###.##§§§## ...##.#
#....#§§§#
#..##.########.####§§§#
#..##........#.# #§§§#
#..#####...#.#.####§§§#
#..# ##.###.......#§§§#
...# #.## ##..#####§§§#####
#.####.# #..#...§§§§§...#
.......## ##.##.@K§w#...8.#
#....##.###.###..K........#
####.###...## #####...#####
#.# ##.#########...# #.#
#...†.....##._.# #.#
#..######.##...# #.# #..#
##### #.# #... #.# #..#


You could see a friendly worm (summoned) and 2 friendly kobolds.

Vanquished Creatures
  Grinder (D:4)
  A kobold brigand (D:3)
  A centaur skeleton (D:4)
  3 adders
  A dart slug (D:3)
  3 worms
  2 orcs (D:3)
  3 endoplasms
  2 giant cockroaches
  6 jackals
  A bat (D:1)
  2 goblins (D:3)
  2 kobolds (D:3)
28 creatures vanquished.

Notes
Turn   | Place    | Note
-------+----------+-------------------------------------------
     0 | D:1      | Dani the Minotaur Fighter began the quest for the Orb.
     0 | D:1      | Reached XP level 1. HP: 19/19 MP: 0/0
   208 | D:3      | Reached XP level 2. HP: 23/27 MP: 1/1
   290 | D:4      | Reached skill level 3 in Axes
   290 | D:4      | Noticed Grinder
   298 | D:4      | Reached skill level 4 in Fighting
   298 | D:4      | Reached skill level 4 in Armour
   298 | D:4      | Reached skill level 1 in Dodging
   298 | D:4      | Reached skill level 4 in Shields
   298 | D:4      | Reached XP level 3. HP: 22/33 MP: 2/2
   299 | D:4      | HP: 6/33 [Grinder (6)]
   300 | D:4      | Killed Grinder
   301 | D:4      | Reached skill level 4 in Axes
   301 | D:4      | Reached skill level 2 in Dodging
   301 | D:4      | Reached XP level 4. HP: 8/41 MP: 3/3
   301 | D:4      | Reached XP level 5. HP: 9/47 MP: 4/4
   334 | D:4      | HP: 8/47 [worm (6)]
   545 | D:4      | Noticed Sigmund
   780 | D:3      | Reached XP level 6. HP: 48/53 MP: 5/5
  1001 | D:3      | Found a faded altar of an unknown god.
  1003 | D:3      | Found a hazy altar of Hepliaklqana.
  1019 | D:3      | Reached skill level 5 in Axes
  1031 | D:3      | Prayed at the altar of an unknown god.
  1031 | D:3      | Became a worshipper of Kikubaaqudgha
  1031 | D:3      | Reached * piety under Kikubaaqudgha
  1031 | D:3      | Received a gift from Kikubaaqudgha
  1032 | D:3      | Quit the game

Illustrated notes

Levels and vault maps discovered:
D:1:      tarquinn_simple_flora_water_d, layout_loops_ring, minmay_octomino_j4
D:2:      layout_loops_ring, basic_altar, kennysheep_boxes
D:3:      layout_loops_ring, beargit_hepliaklqana_dungeon_heroes
D:4:      layout_rooms, eat_drink_and_be_merry_uskayaw, uniq_sigmund,
          uniq_grinder

Skill      XL: |  1  2  3  4  5  6 |
---------------+-------------------+-----
Axes           | 3 4 5 |  5.1
Fighting       | 4 |  4.8
Armour         | 4 |  4.8
Dodging        | 1 2 |  2.7
Shields        | 4 |  4.7

Action                   |  1- 3 |  4- 6 || total
-------------------------+-------+-------++-------
Melee: War axe           |    26 |    42 ||    68
       Headbutt          |     4 |     7 ||    11
  Use: Scroll            |     1 |     2 ||     3
       Potion            |     1 |       ||     1
Armor: Scale mail        |    15 |    16 ||    31
Dodge: Dodged            |    10 |    17 ||    27
Block: Buckler           |     7 |     9 ||    16

Table legend: (Time is in decaauts)
 A = Elapsed time spent in this place.
 B = Non-inter-level travel time spent in this place.
 C = Inter-level travel time spent in this place.
 D = Time resting spent in this place.
 E = Time spent auto-exploring this place.
 F = Levels seen in this place.
 G = Mean time per level.
                   A        B        C        D        E       F      G
               +--------+--------+--------+--------+--------+-----+--------+
         Total |   1055 |   1050 |      5 |    408 |    366 |   4 |  263.8 |
       Dungeon |   1055 |   1050 |      5 |    408 |    366 |   4 |  263.8 |
               +--------+--------+--------+--------+--------+-----+--------+

Top non-repeatable levels by time:
     D:3: 698 daAuts
     D:1: 167 daAuts
     D:4: 154 daAuts
     D:2: 34 daAuts

Table legend:
 A = Kills in this place as a percentage of kills in entire the game.
 B = Kills by you in this place as a percentage of kills by you in the entire game.
 C = Kills by friends in this place as a percentage of kills by friends in the entire game.
 D = Other kills in this place as a percentage of other kills in the entire game.
 E = Experience gained in this place as a percentage of experience gained in the entire game.
 F = Experience gained in this place divided by the number of levels of this place that you have seen.
                   A       B       C       D       E      F
               +-------+-------+-------+-------+-------+----------------------
         Total | 100.0 | 100.0 |   N/A |   N/A | 100.0 | 125.8
       Dungeon | 100.0 | 100.0 |   N/A |   N/A | 100.0 | 125.8
               +-------+-------+-------+-------+-------+----------------------
